 Dungeon Crawl Stone Soup version 0.15-a0-1656-gb4d1502 (console) character file.

1673 Mac the Grappler (level 8, -23/74 HPs)
             Began as a Troll Fighter on June 23, 2014.
             Was a Priest of Jiyva.
             Annihilated by a hill giant
             ... wielding a +0 giant club
              (36 damage)
             ... on Level 10 of the Dungeon.
             The game lasted 00:08:26 (2073 turns).

Mac the Grappler (Troll Fighter)                    Turns: 2073, Time: 00:08:26

HP -23/74        AC  5     Str 29      XL: 8   Next: 70%
MP   3/3         EV  8     Int  4      God: Jiyva [***...]
Gold 150         SH 11     Dex 10      Spells:  0 memorised,  7 levels left

rFire  + . .     SeeInvis .       - Unarmed
rCold  . . .     Clarity  .     b - +0 robe
rNeg   . . .     rCorr    +     A - +2 shield {rF+}
rPois  +         rRot     .     (helmet restricted)
rElec  .         Spirit   .     (no cloak)
SustAb .         Warding  .     (gloves unavailable)
rMut   +         Stasis   .     (boots unavailable)
Gourm  +                        g - cursed amulet of resist mutation
MR     .....                    u - ring of poison resistance
                                t - cursed +3 ring of strength

@: not resistant to hostile enchantments, very unstealthy
A: unfitting armour, claws 3, fast metabolism 3, gourmand, regeneration 2,
saprovore 2, shaggy fur 1, tough skin 2, wild magic 1
a: Request Jelly, Jelly Paralyse, Renounce Religion


You were on level 10 of the Dungeon.
You worshipped Jiyva.
Jiyva was most pleased with you.
You were not hungry.

You visited 2 branches of the dungeon, and saw 11 of its levels.
You also visited: Sewer.

You collected 150 gold pieces.

Inventory:

Armour
 b - a +0 robe (worn)
 c - a +0 shield
 f - a +0 robe
 s - a +0 robe
 A - a +2 shield of fire resistance (worn)
Magical devices
 l - a wand of flame (16)
 z - a wand of teleportation (4) {unknown}
Comestibles
 a - 4 meat rations
 r - 4 bread rations
Scrolls
 d - 2 scrolls of identify {unknown}
 i - 3 scrolls of noise {unknown}
 j - a scroll of fear {unknown}
 k - a scroll of remove curse {unknown}
 n - a scroll of amnesia {unknown}
 o - 4 scrolls of teleportation {unknown}
 y - a scroll of immolation {unknown}
Jewellery
 g - a cursed amulet of resist mutation (around neck)
 m - an uncursed amulet of resist corrosion {unknown}
 t - a cursed +3 ring of strength (left claw)
 u - a ring of poison resistance (right claw)
Potions
 e - 2 potions of might
 h - a potion of degeneration {unknown}
 p - a potion of curing {unknown}
 q - a potion of confusion {unknown}
 v - a potion of brilliance {unknown}
 x - a potion of lignification {unknown}
Books
 w - a Young Poisoner's Handbook

   Spells                             Type                      Level
   Sting                              Conjuration/Poison           1
   Cure Poison                        Poison                       2
   Mephitic Cloud                     Conjuration/Poison/Air       3
   Olgreb's Toxic Radiance            Poison                       4
   Venom Bolt                         Conjuration/Poison           5


   Skills:
 - Level 2.4 Fighting
 - Level 2.4 Dodging
 * Level 3.5 Shields
 + Level 10.7 Unarmed Combat


You had 7 spell levels left.
You didn't know any spells.

Dungeon Overview and Level Annotations

Branches:
Dungeon (10/15)            Temple (1/1) D:4
    Orc: D:9-12        Lair: D:8-11

Altars:
Ashenzari
Cheibriados
Dithmenos
Fedhas
Makhleb
Nemelex Xobeh
Qazlal
Sif Muna
Trog
Xom
Zin
Jiyva

Shops:
D:4 =%


Innate Abilities, Weirdness & Mutations

You are too large for most types of armour.
You have claws for hands.
Your metabolism is lightning-fast.
You like to eat raw meat.
You heal very quickly.
You can eat rotten meat.
You are covered in fur (AC +1).
You have very tough skin (AC +2).
Your spells are a little harder to cast, but a little more powerful.


Message History

You block the hill giant's attack.
You scratch the hill giant but do no damage.
The hill giant is moderately wounded.
The killer bee barely misses you. The killer bee stings you!
You block the hill giant's attack.
You scratch the hill giant.
The hill giant is moderately wounded.
You block the killer bee's attack. x2
You scratch the hill giant.
The hill giant is moderately wounded.
You block the killer bee's attack.
The hill giant hits you with a giant club!!
* * * LOW HITPOINT WARNING * * *
The killer bee stings you!
* * * LOW HITPOINT WARNING * * *
Drink which item? (? for menu, Esc to quit)
Okay, then.
The killer bee barely misses you.
The hill giant hits you with a giant club!!!
You die...

#########
##.........
.?.........
#..........
#..........
#.C.........
#.y@[.......
######.#####


You could see a hill giant (bleeding) and a killer bee.

Vanquished Creatures
  A spriggan (D:7)
  The ghost of Somebody the Skirmisher, an average HOGl (D:4)
  A hungry ghost (D:7)
  A hippogriff (D:9)
  A sky beast (D:6)
  An ogre (D:6)
  2 centaurs
  2 giant frogs
  A scorpion (D:4)
  2 killer bees (D:9)
  2 crimson imps
  2 hounds (D:4)
  An orc wizard (D:5)
  A big fish (D:5)
  2 iguanas
  3 worker ants
  A mummy (D:8)
  3 adders
  9 giant mites (Sewer)
  A worm (D:3)
  An orc zombie (D:5)
  An adder skeleton (D:6)
  11 giant geckos
  11 orcs
  5 bats
  14 giant cockroaches
  A goblin (D:4)
  2 hobgoblins
  2 jackals (D:4)
  A quokka (D:6)
  8 ball pythons
  12 giant newts
  4 kobolds
  3 rats
  A rat skeleton (D:6)
115 creatures vanquished.

Vanquished Creatures (others)
  A phantom (D:6)
  A giant frog (Sewer)
  A scorpion (D:7)
  5 jellies
  3 orc wizards
  5 adders
  5 giant mites (Sewer)
  A shadow imp (D:5)
  An adder zombie (D:6)
  A gnoll skeleton (D:5)
  2 giant geckos (Sewer)
  An ooze (Sewer)
  An orc (D:5)
  2 giant cockroaches (Sewer)
  A hobgoblin (D:5)
  3 ball pythons (Sewer)
  2 giant newts (Sewer)
  A goblin (D:5)
  3 jackals (D:6)
  2 rats (D:5)
42 creatures vanquished.

Grand Total: 157 creatures vanquished

Notes
Turn   | Place    | Note
--------------------------------------------------------------
     0 | D:1      | Mac, the Troll Fighter, began the quest for the Orb.
     0 | D:1      | Reached XP level 1. HP: 22/22 MP: 1/1
   191 | D:4      | Noticed a crimson imp
   193 | D:4      | Noticed a hound
   197 | D:4      | Noticed an iguana
   206 | D:4      | Killed a crimson imp
   206 | D:4      | Reached skill level 3 in Unarmed Combat
   206 | D:4      | Reached XP level 2. HP: 26/29 MP: 1/1
   206 | D:4      | Reached XP level 3. HP: 32/36 MP: 2/2
   209 | D:4      | Killed a hound
   209 | D:4      | Reached skill level 4 in Unarmed Combat
   209 | D:4      | Reached XP level 4. HP: 39/44 MP: 2/2
   223 | D:4      | Killed an iguana
   249 | D:4      | Noticed a worker ant
   260 | D:4      | Killed a worker ant
   260 | D:4      | Reached skill level 5 in Unarmed Combat
   311 | D:4      | Noticed a scorpion
   317 | D:4      | Killed a scorpion
   317 | D:4      | Reached XP level 5. HP: 43/50 MP: 2/2
   385 | D:4      | Noticed a worker ant
   393 | D:4      | Killed a worker ant
   403 | D:4      | Found Jienebb's Food Boutique.
   444 | D:4      | Found Xaetyem's Jewellery Shop.
   471 | D:4      | Reached skill level 6 in Unarmed Combat
   516 | D:4      | Noticed Somebody's ghost (average HOGl)
   527 | D:4      | Killed Somebody's ghost
   527 | D:4      | Reached XP level 6. HP: 59/59 MP: 3/3
   623 | D:3      | Reached skill level 7 in Unarmed Combat
   654 | D:4      | Noticed a hound
   660 | D:4      | Killed a hound
   672 | D:4      | Found a staircase to the Ecumenical Temple.
   681 | Temple   | Entered the Ecumenical Temple
   715 | Temple   | Became a worshipper of Jiyva Joeme the Shapeless
   805 | D:5      | Entered Level 5 of the Dungeon
   876 | D:5      | Reached XP level 7. HP: 66/66 MP: 3/3
   938 | D:5      | Found a glowing drain.
   950 | D:5      | Reached skill level 8 in Unarmed Combat
   963 | Sewer    | Entered a sewer
   983 | Sewer    | Acquired Jiyva's first power
  1102 | Sewer    | Acquired Jiyva's second power
  1223 | D:5      | Gained mutation: Your spells are a little harder to cast, but a little more powerful. [Jiyva's grace]
  1328 | D:6      | Reached skill level 9 in Unarmed Combat
  1411 | D:6      | Reached XP level 8. HP: 74/74 MP: 3/3
  1481 | D:7      | Reached skill level 10 in Unarmed Combat
  1717 | D:9      | Found a shimmering altar of Xom.
  1717 | D:9      | Found a shimmering altar of Xom.
  1718 | D:9      | Found a shimmering altar of Xom.
  1718 | D:9      | Found a shimmering altar of Xom.
  1718 | D:9      | Found a shimmering altar of Xom.
  1719 | D:9      | Found a shimmering altar of Xom.
  1719 | D:9      | Found a shimmering altar of Xom.
  1719 | D:9      | Noticed a black mamba
  1721 | D:9      | Found a shimmering altar of Xom.
  1722 | D:9      | Found a shimmering altar of Xom.
  1727 | D:9      | Noticed a fire drake
  1727 | D:9      | a black mamba changed into a fire drake
  1731 | D:9      | Noticed a fire drake
  1731 | D:9      | an ice beast changed into a fire drake
  1767 | D:10     | Entered Level 10 of the Dungeon
  1767 | D:10     | Noticed a hill giant
  1892 | D:8      | Found a snail-covered altar of Cheibriados.
  2073 | D:10     | Annihilated by a hill giant

Action                   |  1- 3 |  4- 6 |  7- 9 || total
-------------------------+-------+-------+-------++-------
Melee: Unarmed           |    29 |   113 |   221 ||   363
Evoke: Wand              |       |     1 |       ||     1
